 Dungeon Sprint DCSS version 0.26-a0-720-g2a1d101370 (webtiles) character file.

Game seed: 5236737101276940053

37324096 mhtbhm the Minotaur Barricade (level 22, 231/231 (233) HPs)
             Began as a Minotaur Fighter on Nov 1, 2020.
             Was the Champion of Okawaru.
             Escaped with the Orb
             ... and 9 runes on Nov 2, 2020!
             The game lasted 00:31:54 (13878 turns).

mhtbhm the Minotaur Barricade (Minotaur Fighter)   Turns: 13878, Time: 00:31:55

HP:   231/231 (233) AC: 44    Str: 35    XL:     22   Next: 54%
MP:   36/36         EV: 27    Int:  9    God:    Okawaru [******]
Gold: 644           SH: 39    Dex: 16    Spells: 51/51 levels left

rFire    . . .     SeeInvis +   u - +9 eveningstar "Amiod" {holy, MP+9 Int+4}
rCold    + . .     Faith    .   S - +5 tower shield
rNeg     + . .     Spirit   .   b - +10 plate armour of Inevitability {Rampage rPois Int+2}
rPois    +         Reflect  +   H - +0 hat
rElec    .         Harm     .   s - +2 cloak
rCorr    .         Rampage  +   o - +0 pair of fencer's gloves {Riposte Dex+3}
MR       +....     Rnd*Rage +   B - +2 pair of boots {run} Stlth ++........NoTele +
                                K - amulet of reflection
HPRegen  0.48/turn              P - ring of Bilenuk {MP-9 Str+4 Dex+3 Slay+5 SInv}
MPRegen  0.25/turn              Q - ring "Maahant" {rPois rC+ rN+ Stlth-}

@: quick
A: retaliatory headbutt, horns 2, molten scales 1, berserk 1, deterioration 1,
dopey 1, low mp 1, poison resistance
0: Orb of Zot
}: 9/17 runes: decaying, serpentine, barnacled, slimy, elven, silver, golden,
abyssal, gossamer
a: Heroism, Finesse, Renounce Religion


You escaped.
You worshipped Okawaru.
Okawaru was exalted by your worship.
You visited 1 branch You collected 1957 gold pieces.
You spent 1313 gold pieces at shops.

Inventory:

Hand Weapons
 a - the +7 morningstar "Egoih" {vamp, Dex+7}
   (Okawaru gifted it to you in the Dungeon)

   It inflicts no extra harm, but heals its wielder when it wounds a living foe.
   It affects your dexterity (+7).
 j - the +8 demon whip "Anudgh Ajucu" {venom, Dex+3}
   (Okawaru gifted it to you in the Dungeon)

   It poisons the flesh of those it strikes.
   It affects your dexterity (+3).
 u - the +9 eveningstar "Amiod" (weapon) {holy, MP+9 Int+4}
   (Okawaru gifted it to you in the Dungeon)

   It has been blessed by the Shining One to cause great damage to the undead
   and demons.
   It affects your intelligence (+4).
   It affects your magic capacity (+9).
 G - the +0 sword of Power
   (You found it in the Dungeon)
 I - a +7 trishula of holy wrath
Missiles
 d - 6 atropa-tipped darts
 n - 5 throwing nets
 z - 67 javelins (quivered)
 D - 6 silver javelins
Armour
 b - the +10 plate armour of Inevitability (worn) {Rampage rPois Int+2}
   (Okawaru gifted it to you in the Dungeon)

   It affects your intelligence (+2).
   It protects you from poison.
   It bestows one free step when moving towards enemies.
 c - the +2 shield of Resistance {rF++ rC++ MR++}
   (Okawaru gifted it to you in the Dungeon)

   It greatly protects you from fire.
   It greatly protects you from cold.
   It affects your resistance to hostile enchantments.
 m - the +6 plate armour of Incorporation {Str+4 Int+4}
   (You bought it in a shop in the Dungeon)

   It affects your strength (+4).
   It affects your intelligence (+4).
 o - the +0 pair of fencer's gloves (worn) {Riposte Dex+3}
   (Okawaru gifted it to you in the Dungeon)

   It affects your dexterity (+3).
 s - a +2 cloak (worn)
 x - +6 gold dragon scales
 A - a +2 pair of boots of rampaging
 B - a +2 pair of boots of running (worn)
 H - a +0 hat (worn)
 S - a +5 tower shield (worn)
Jewellery
 K - an amulet of reflection (around neck)
 L - an uncursed amulet of regeneration
 N - a +3 ring of slaying
 O - the ring "Guoh" {+Inv +Fly rCorr Int+3}
   (You found it in the Dungeon)

   [ring of resist corrosion]

   It affects your intelligence (+3).
   It lets you turn invisible.
   It lets you fly.
   It provides partial protection from all sources of acid and corrosion.
 P - the ring of Bilenuk (left hand) {MP-9 Str+4 Dex+3 Slay+5 SInv}
   (You found it in the Dungeon)

   [ring of see invisible]

   It affects your strength (+4).
   It affects your dexterity (+3).
   It affects your accuracy and damage with ranged weapons and melee attacks
   (+5).
   It affects your magic capacity (-9).
   It lets you see invisible.
 Q - the ring "Maahant" (right hand) {rPois rC+ rN+ Stlth-}
   (You found it in the Dungeon)

   [ring of poison resistance]

   It protects you from cold.
   It protects you from poison.
   It protects you from negative energy.
   It makes you less stealthy.
Scrolls
 k - 6 scrolls of remove curse
 l - 2 scrolls of amnesia
 t - 5 scrolls of identify
 v - 2 scrolls of fog
 w - 3 scrolls of fear
Potions
 e - 5 potions of curing
 f - 2 potions of heal wounds
 g - 5 potions of haste
 h - 9 potions of magic
 i - a potion of invisibility
 p - a potion of flight
 q - 4 potions of stabbing
 r - a potion of resistance
 C - a potion of lignification
 J - 5 potions of mutation
 T - 2 potions of might
Miscellaneous
 y - the horn of Geryon


   Skills:
 O Level 27 Fighting
 + Level 24.1 Long Blades
 O Level 27 Maces & Flails
 O Level 27 Polearms
 O Level 27 Throwing
 O Level 27 Armour
 O Level 27 Dodging
 + Level 26.6 Stealth
 O Level 27 Shields
 + Level 22.5 Unarmed Combat
 + Level 15.3 Spellcasting
 O Level 27 Invocations
 + Level 23.1 Evocations


You had 51 spell levels left.
You didn't know any spells.
Your spell library contained the following spells:

 Spells                   Type           Power        Failure   Level
 Foxfire                  Conj/Fire      #...         21%         1
 Conjure Flame            Conj/Fire      #.......     52%         3
 Inner Flame              Hex/Fire       #.......     52%         3
 Sticky Flame             Conj/Fire      #.......     89%         4
 Fireball                 Conj/Fire      #.........   99%         5


Dungeon Overview and Level Annotations

Branches:
Dungeon (1/1)

Altars:
Cheibriados
Dithmenos
Elyvilon
Fedhas
Gozag
Hepliaklqana
Kikubaaqudgha
Makhleb
Nemelex Xobeh
Okawaru
Qazlal
Ru
Sif Muna
Trog
Uskayaw
Vehumet
Wu Jian
Xom
Yredelemnul
Zin
The Shining One
Beogh
Jiyva
Lugonu

Shops:
D [[::

Annotations:
D Dispater, Lom Lobon


Innate Abilities, Weirdness & Mutations

You reflexively headbutt those who attack you in melee.
You have a pair of horns on your head.
You are partially covered in molten scales. (AC +2)
You tend to lose your temper in combat.
Your body sometimes deteriorates upon taking damage.
You are dopey. (Int -2)
Your magical capacity is low. (-10% MP)
Your system is resistant to poisons. (rPois)


Message History

[Y]es or [N]o only, please.
Really walk into that cloud of seething chaos? [Y]es or [N]o only, please.
Really walk into that cloud of seething chaos? [Y]es or [N]o only, please.
Really walk into that cloud of seething chaos? [Y]es or [N]o only, please.
Really walk into that cloud of seething chaos? [Y]es or [N]o only, please.
Really walk into that cloud of seething chaos? [Y]es or [N]o only, please.
Really walk into that cloud of seething chaos?
You are engulfed in seething chaos.
You're standing in a cloud of seething chaos!
You see here a +0 giant club.
There is an open door, spattered with blood here.
You see here a +0 giant club.
There is an open door to the Dungeon, spattered with blood here.
There is a staircase leading out of the dungeon here.
You have escaped!

[)['.............▓
▓▓▓▓▓▓▓▓▓▓▓▓▓▓▓▓.▓
....[............▓
▓▓▓▓▓▓▓▓▓▓▓▓▓▓▓▓▓▓
.[[......'.......▓
▓▓▓▓▓▓▓▓▓▓▓▓▓▓▓▓.▓
.................▓
▓▓▓▓▓▓▓▓▓▓▓▓▓▓▓▓▓▓
'....)).....'...@▓
▓▓▓▓▓▓▓▓▓▓▓▓▓▓▓▓▓▓


There were no monsters in sight!

Vanquished Creatures
  the Royal Jelly (D)
  3 pandemonium lords (D)
  Gloorx Vloq (D)
  3 ancient liches (D)
  Mennas (D)
  6 orbs of fire (D)
  Mara (D)
  5 greater mummies (D)
  Boris (D)
  Frederick (D)
  Margery (D)
  Geryon (D)
  2 golden dragons (D)
  A Tzitzimitl (D)
  5 liches (D)
  A Brimstone Fiend (D)
  2 electric golems (D)
  Rupert (D)
  7 tentacled monstrosities (D)
  An Ice Fiend (D)
  34 Orb Guardians (D)
  2 deep elf blademasters (D)
  13 acid blobs (D)
  2 quicksilver dragons (D)
  A deep elf master archer (D)
  An Executioner (D)
  Gastronok (D)
  14 sphinxes (D)
  Kirke (D)
  A tentacled starspawn (D)
  2 death cobs (D)
  9 shadow dragons (D)
  2 draconian monks (D)
  5 nagarajas (D)
  4 fire giants (D)
  4 storm dragons (D)
  2 ghost moths (D)
  A draconian knight (D)
  2 frost giants (D)
  Louise (D)
  7 azure jellies (D)
  A black sun (D)
  A deep elf sorcerer (D)
  2 emperor scorpions (D)
  2 vault wardens (D)
  2 reapers (D)
  A balrug (D)
  3 draconian stormcallers (D)
  2 draconian shifters (D)
  6 stone giants (D)
  2 draconian annihilators (D)
  A corrupter (D)
  2 ironheart preservers (D)
  10 vampire knights (D)
  2 entropy weavers (D)
  Azrael (D)
  A green draconian (D)
  4 deep elf demonologists (D)
  A lorocyproca (D)
  3 purple draconians (D)
  2 spark wasps (D)
  2 deep elf annihilators (D)
  3 white draconians (D)
  4 red draconians (D)
  A yellow draconian (D)
  2 black draconians (D)
  5 merfolk javelineers (D)
  6 mummy priests (D)
  3 deep elf death magi (D)
  A deep elf high priest (D)
  7 death oozes (D)
  A blizzard demon (D)
  2 green deaths (D)
  2 great orbs of eyes (D)
  4 ice dragons (D)
  2 fire dragons (D)
  Erolcha (D)
  3 ettins (D)
  3 merfolk impalers (D)
  A hell beast (D)
  2 yaktaur captains (D)
  2 naga warriors (D)
  Harold (D)
  25 vault guards (D)
  10 hydras (D)
  2 boulder beetles (D)
  2 centaur warriors (D)
  2 merfolk aquamancers (D)
  A merfolk avatar (D)
  3 death knights (D)
  An alligator snapping turtle (D)
  A spriggan berserker (D)
  A vampire mage (D)
  A two-headed ogre (D)
  A tengu warrior (D)
  3 ogre magi (D)
  A deep troll earth mage (D)
  Nergalle (D)
  5 sun demons (D)
  2 shock serpents (D)
  12 spriggans (D)
  3 hell knights (D)
  A wretched star (D)
  2 sixfirhies (D)
  A salamander mystic (D)
  2 spriggan druids (D)
  A flayed ghost (D)
  A shadow demon (D)
  4 unseen horrors (D)
  4 swamp dragons (D)
  An infernal demonspawn (D)
  A deep elf archer (D)
  A glowing orange brain (D)
  A sea snake (D)
  A naga ritualist (D)
  12 orc knights (D)
  6 ironbrand convokers (D)
  3 necromancers (D)
  A mana viper (D)
  A cyclops (shapeshifter) (D)
  An orb spider (D)
  3 ugly things (D)
  9 moths of wrath (D)
  5 wolf spiders (D)
  3 black mambas (D)
  6 guardian serpents (D)
  An elephant (shapeshifter) (D)
  A merfolk siren (D)
  2 vault sentinels (D)
  A water nymph (D)
  An orange demon (D)
  Psyche (D)
  A guardian serpent (shapeshifter) (D)
  A gargoyle (D)
  A smoke demon (D)
  6 cane toads (D)
  3 freezing wraiths (D)
  A hellion (D)
  A komodo dragon (D)
  2 yaktaurs (D)
  4 demonic crawlers (D)
  A tengu conjurer (D)
  3 hellwings (D)
  17 guardian mummies (D)
  An ice devil (D)
  A jumping spider (D)
  3 merfolk (D)
  4 tyrant leeches (D)
  A wandering mushroom (D)
  A troll (D)
  A polar bear (D)
  2 hornets (D)
  A bog body (D)
  A snapping turtle (shapeshifter) (D)
  2 snapping turtles (D)
  A wraith (D)
  4 redbacks (D)
  2 wyverns (D)
  A ynoxinul (D)
  Eustachio (D)
  2 yaks (D)
  2 fire elementals (D)
  2 hogs (D)
  3 vampire mosquitoes (D)
  2 basilisks (D)
  3 chaos spawn (D)
  A naga (D)
  2 acid dragons (D)
  3 water moccasins (D)
  4 hell hounds (D)
  14 orc warriors (D)
  2 sky beasts (D)
  3 swamp drakes (D)
  A black bear (shapeshifter) (D)
  2 ogres (D)
  A phantom (D)
  A wolf (D)
  2 small abominations (D)
  A gnoll sergeant (D)
  A wight (D)
  A howler monkey (D)
  2 orc priests (D)
  2 orc wizards (D)
  An iron imp (D)
  A hell rat (D)
  A white imp (D)
  An adder skeleton (D)
  A dart slug (D)
  A leopard gecko (D)
  10 orcs (D)
  A ball python (D)
  2 bat skeletons (D)
  2 giant cockroaches (D)
  A jackal (D)
  A kobold (D)
  A leopard gecko skeleton (D)
  3 fire vortices (D)
568 creatures vanquished.

Vanquished Creatures (others)
  Ilsuiw (D)
  A merfolk aquamancer (D)
  A guardian serpent (D)
  3 humans (D)
  A swamp drake (D)
  A boggart (D)
  A fire vortex (D)
9 creatures vanquished.

Grand Total: 577 creatures vanquished

Notes
Turn   | Place    | Note
-------+----------+-------------------------------------------
     0 | D        | mhtbhm the Minotaur Fighter began the quest for the Orb.
     0 | D        | Reached XP level 1. HP: 19/19 MP: 0/0
    10 | D        | Reached XP level 2. HP: 28/28 MP: 1/1
    24 | D        | Noticed an ogre
    24 | D        | Noticed an ogre
    30 | D        | Killed an ogre
    30 | D        | Reached XP level 3. HP: 38/38 MP: 2/2
    30 | D        | Reached XP level 4. HP: 45/45 MP: 3/3
    37 | D        | Killed an ogre
    37 | D        | Reached skill level 5 in Maces & Flails
    37 | D        | Reached XP level 5. HP: 53/53 MP: 4/4
    45 | D        | Found a roughly hewn altar of Beogh.
    45 | D        | Found a snail-covered altar of Cheibriados.
    45 | D        | Found a shadowy altar of Dithmenos.
    45 | D        | Found a white marble altar of Elyvilon.
    45 | D        | Found a blossoming altar of Fedhas.
    45 | D        | Found an opulent altar of Gozag.
    46 | D        | Found a hazy altar of Hepliaklqana.
    47 | D        | Found a viscous altar of Jiyva.
    48 | D        | Found an ancient bone altar of Kikubaaqudgha.
    49 | D        | Found a corrupted altar of Lugonu.
    50 | D        | Found a burning altar of Makhleb.
    51 | D        | Found a sparkling altar of Nemelex Xobeh.
    52 | D        | Found an iron altar of Okawaru.
    53 | D        | Found a stormy altar of Qazlal.
    54 | D        | Found a sacrificial altar of Ru.
    55 | D        | Found a shimmering blue altar of Sif Muna.
    56 | D        | Found a bloodstained altar of Trog.
    57 | D        | Found a hide-covered altar of Uskayaw.
    58 | D        | Found a radiant altar of Vehumet.
    59 | D        | Found an ornate altar of the Wu Jian Council.
    60 | D        | Found a shimmering altar of Xom.
    61 | D        | Found a basalt altar of Yredelemnul.
    64 | D        | Found a glowing silver altar of Zin.
    70 | D        | Became a worshipper of Warmaster Okawaru
    74 | D        | Found a glowing golden altar of the Shining One.
   121 | D        | Noticed a sky beast
   125 | D        | Killed a sky beast
   125 | D        | Reached * piety under Okawaru
   125 | D        | Reached skill level 1 in Dodging
   125 | D        | Reached XP level 6. HP: 62/62 MP: 5/5
   139 | D        | Killed an unseen horror
   139 | D        | Reached ** piety under Okawaru
   139 | D        | Reached skill level 10 in Fighting
   139 | D        | Reached skill level 10 in Maces & Flails
   139 | D        | Reached skill level 10 in Shields
   139 | D        | Reached XP level 7. HP: 59/73 MP: 6/6
   298 | D        | Noticed a two-headed ogre
   298 | D        | Noticed a hornet
   307 | D        | Reached *** piety under Okawaru
   307 | D        | Reached XP level 8. HP: 81/81 MP: 7/7
   312 | D        | Killed a hornet
   316 | D        | Killed a two-headed ogre
   316 | D        | Reached **** piety under Okawaru
   427 | D        | Gained mutation: You are agile. (Dex +2) [potion of
                  | mutation]
   427 | D        | Gained mutation: Your mind is acute. (Int +2) [potion of
                  | mutation]
   428 | D        | Noticed a komodo dragon
   430 | D        | Killed a komodo dragon
   430 | D        | Reached skill level 1 in Evocations
   430 | D        | Reached XP level 9. HP: 90/90 MP: 8/8
   431 | D        | Noticed a polar bear
   438 | D        | Noticed a cane toad
   553 | D        | Killed a polar bear
   569 | D        | Killed a cane toad
   569 | D        | Reached ***** piety under Okawaru
   673 | D        | Noticed a cane toad
   673 | D        | Noticed a cane toad
   673 | D        | Noticed a black mamba
   673 | D        | Noticed a seven-headed hydra
   673 | D        | Noticed a cane toad
   681 | D        | Killed a seven-headed hydra
   681 | D        | Reached skill level 15 in Maces & Flails
   681 | D        | Reached XP level 10. HP: 89/101 MP: 9/9
   683 | D        | Killed a cane toad
   695 | D        | Killed a black mamba
   701 | D        | Killed a cane toad
   706 | D        | Killed a cane toad
   768 | D        | Noticed a cane toad
   776 | D        | Received a gift from Okawaru
   797 | D        | Killed a cane toad
   830 | D        | Got a shimmering tower shield {god gift}
   836 | D        | Identified the +6 tower shield "Nimoza" {rF- MR- Regen+
                  | Int+9} (Okawaru gifted it to you in the Dungeon)
  1052 | D        | Noticed Eustachio
  1065 | D        | Killed Eustachio
  1065 | D        | Reached skill level 1 in Stealth
  1089 | D        | Noticed Psyche
  1094 | D        | Killed Psyche
  1094 | D        | Reached ****** piety under Okawaru
  1122 | D        | Noticed an orc knight
  1129 | D        | Killed an orc knight
  1129 | D        | Reached skill level 15 in Shields
  1129 | D        | Reached XP level 11. HP: 78/111 MP: 10/10
  1206 | D        | Reached skill level 15 in Fighting
  1222 | D        | Noticed an orc knight
  1246 | D        | Killed an orc knight
  1259 | D        | Found Liaqu's Book Boutique.
  1259 | D        | Noticed an orc knight
  1259 | D        | Noticed an orc knight
  1259 | D        | Noticed an orc knight
  1259 | D        | Noticed an orc knight
  1262 | D        | Noticed an orc knight
  1271 | D        | Killed an orc knight
  1281 | D        | Killed an orc knight
  1282 | D        | Found Woegoesa's Book Shop.
  1291 | D        | Killed an orc knight
  1298 | D        | Killed an orc knight
  1304 | D        | Killed an orc knight
  1304 | D        | Noticed an orc knight
  1309 | D        | Found Qoerritu's Antique Armour Boutique.
  1311 | D        | Noticed an orc knight
  1319 | D        | Noticed an orc knight
  1324 | D        | Killed an orc knight
  1324 | D        | Noticed an orc knight
  1336 | D        | Killed an orc knight
  1336 | D        | Received a gift from Okawaru
  1342 | D        | Killed an orc knight
  1343 | D        | Found Ogu Tenoa's Antique Armour Shop.
  1350 | D        | Killed an orc knight
  1480 | D        | Bought a brightly glowing plate armour for 728 gold pieces
  1485 | D        | Identified the +6 plate armour of Incorporation {Str+4
                  | Int+4} (You bought it in a shop in the Dungeon)
  1485 | D        | Bought a pair of glowing gloves for 195 gold pieces
  1485 | D        | Bought a pair of embroidered gloves for 195 gold pieces
  1485 | D        | Bought an embroidered cloak for 195 gold pieces
  1592 | D        | Noticed Harold
  1601 | D        | Killed Harold
  1782 | D        | Lost mutation: Your mind is acute. (Int +2) [potion of
                  | mutation]
  1782 | D        | Lost mutation: You are agile. (Dex +2) [potion of mutation]
  1782 | D        | Gained mutation: You are partially covered in molten
                  | scales. (AC +2) [potion of mutation]
  1782 | D        | Gained mutation: Your system is resistant to poisons.
                  | (rPois) [potion of mutation]
  1865 | D        | Noticed a centaur warrior
  1865 | D        | Noticed a green ugly thing
  1886 | D        | Killed a green ugly thing
  1886 | D        | Reached skill level 15 in Armour
  1892 | D        | Killed a centaur warrior
  1892 | D        | Reached XP level 12. HP: 125/125 MP: 11/11
  1910 | D        | Noticed a vampire mage
  1924 | D        | Killed a vampire mage
  1935 | D        | Noticed a stone giant
  1939 | D        | Noticed a lich
  1943 | D        | Noticed a fire dragon
  1952 | D        | Killed a stone giant
  1952 | D        | Received a gift from Okawaru
  1955 | D        | Paralysed by a lich for 2 turns
  1964 | D        | Killed a lich
  1974 | D        | Killed a fire dragon
  2189 | D        | Noticed an entropy weaver
  2198 | D        | Received a gift from Okawaru
  2199 | D        | Found the +2 shield of Resistance {rF++ rC++ MR++}
  2201 | D        | Noticed an entropy weaver
  2207 | D        | Killed an entropy weaver
  2238 | D        | Killed an entropy weaver
  2497 | D        | Noticed a nagaraja
  2503 | D        | Killed a nagaraja
  2503 | D        | Reached XP level 13. HP: 127/137 MP: 12/12
  3051 | D        | Reached skill level 5 in Dodging
  3067 | D        | Noticed a merfolk javelineer
  3088 | D        | Received a gift from Okawaru
  3114 | D        | Killed a merfolk javelineer
  3359 | D        | Noticed Erolcha
  3364 | D        | Killed Erolcha
  3392 | D        | Noticed Gastronok
  3403 | D        | Killed Gastronok
  3441 | D        | Noticed a frost giant
  3441 | D        | Noticed an ettin
  3441 | D        | Noticed a lich
  3441 | D        | Noticed a stone giant
  3442 | D        | Noticed a fire giant
  3447 | D        | Killed a stone giant
  3450 | D        | Noticed a fire giant
  3453 | D        | Killed a lich
  3454 | D        | Noticed a stone giant
  3459 | D        | Noticed an ettin
  3466 | D        | Noticed a stone giant
  3466 | D        | Killed a frost giant
  3466 | D        | Reached skill level 1 in Throwing
  3471 | D        | Killed a fire giant
  3471 | D        | Reached XP level 14. HP: 83/151 MP: 13/13
  3476 | D        | Killed a fire giant
  3476 | D        | Received a gift from Okawaru
  3481 | D        | Killed a stone giant
  3493 | D        | Killed a stone giant
  3514 | D        | Noticed a frost giant
  3942 | D        | Received a gift from Okawaru
  3956 | D        | Killed a frost giant
  4009 | D        | Noticed a sphinx
  4036 | D        | Killed a sphinx
  4310 | D        | Killed a ghost moth
  4353 | D        | Noticed Louise
  4367 | D        | Killed Louise
  4367 | D        | Received a gift from Okawaru
  4378 | D        | Got a masterwork plate armour {god gift}
  4384 | D        | Identified the +4 plate armour of Vampiric Thralls {MR++}
                  | (Okawaru gifted it to you in the Dungeon)
  4437 | D        | Found the +0 sword of Power
  4531 | D        | Noticed Margery
  4551 | D        | Killed Margery
  4551 | D        | Reached XP level 15. HP: 123/167 MP: 14/14
  4697 | D        | Noticed Mara
  4732 | D        | Killed Mara
  4732 | D        | Reached skill level 5 in Throwing
  4893 | D        | Killed a ghost moth
  4893 | D        | Received a gift from Okawaru
  4947 | D        | Got a gossamer rune of Zot
  4955 | D        | Noticed a nagaraja
  4962 | D        | Noticed a nagaraja
  4966 | D        | Reached skill level 27 in Shields
  4969 | D        | Noticed a nagaraja
  4985 | D        | Killed a nagaraja
  4997 | D        | Killed a nagaraja
  4998 | D        | Killed a nagaraja
  4998 | D        | Noticed a nagaraja
  5008 | D        | Killed a nagaraja
  5026 | D        | Got a serpentine rune of Zot
  5342 | D        | Noticed Ilsuiw
  5373 | D        | Killed Ilsuiw
  5417 | D        | Reached skill level 27 in Fighting
  5417 | D        | Reached skill level 27 in Maces & Flails
  5427 | D        | Got a barnacled rune of Zot
  5827 | D        | Received a gift from Okawaru
  5834 | D        | Reached XP level 16. HP: 165/183 MP: 15/15
  5867 | D        | Reached skill level 10 in Throwing
  5887 | D        | Got a decaying rune of Zot
  6030 | D        | Noticed Nergalle
  6044 | D        | Killed Nergalle
  6048 | D        | Noticed Kirke
  6055 | D        | Killed Kirke
  6064 | D        | Noticed Mennas
  6199 | D        | Killed Mennas
  6199 | D        | Received a gift from Okawaru
  6199 | D        | Received a gift from Okawaru
  6199 | D        | Reached skill level 10 in Dodging
  6199 | D        | Reached skill level 1 in Invocations
  6224 | D        | Noticed Azrael
  6229 | D        | Killed Azrael
  6634 | D        | Received a gift from Okawaru
  6651 | D        | Reached skill level 15 in Throwing
  6699 | D        | Noticed a lich
  6704 | D        | Killed a lich
  6705 | D        | Received a gift from Okawaru
  6708 | D        | Noticed a shadow dragon
  6716 | D        | Noticed a shadow dragon
  6717 | D        | Killed a shadow dragon
  6717 | D        | Reached XP level 17. HP: 172/191 MP: 19/19
  6784 | D        | Noticed a quicksilver dragon
  6786 | D        | Received a gift from Okawaru
  6787 | D        | Killed a quicksilver dragon
  6794 | D        | Reached skill level 27 in Armour
  6795 | D        | Received a gift from Okawaru
  6795 | D        | Reached skill level 5 in Invocations
  6802 | D        | Reached skill level 15 in Dodging
  6817 | D        | Got an ivory morningstar {god gift}
  6818 | D        | Identified the +7 morningstar "Egoih" {vamp, Dex+7}
                  | (Okawaru gifted it to you in the Dungeon)
  6928 | D        | Got a silver rune of Zot
  7026 | D        | Got the ring "Guoh" {+Inv +Fly rCorr Int+3}
  7028 | D        | Got the ring of Bilenuk {MP-9 Str+4 Dex+3 Slay+5 SInv}
  7030 | D        | Got the ring "Maahant" {rPois rC+ rN+ Stlth-}
  7032 | D        | Got the ring "Bicak" {Wiz *Corrode Str+3 Int+3}
  7192 | D        | Noticed Boris
  7202 | D        | Killed Boris
  7206 | D        | Noticed Frederick
  7221 | D        | Killed Frederick
  7225 | D        | Noticed Rupert
  7236 | D        | Killed Rupert
  7298 | D        | Noticed a lich
  7301 | D        | Received a gift from Okawaru
  7303 | D        | Killed a lich
  7374 | D        | Noticed a golden dragon
  7377 | D        | Received a gift from Okawaru
  7379 | D        | Killed a golden dragon
  7577 | D        | Received a gift from Okawaru
  7670 | D        | Noticed an orb of fire
  7670 | D        | Noticed a quicksilver dragon
  7670 | D        | Noticed a tentacled monstrosity
  7673 | D        | Reached skill level 27 in Throwing
  7673 | D        | Killed a quicksilver dragon
  7673 | D        | Reached XP level 18. HP: 200/200 MP: 14/23
  7674 | D        | Noticed an orb of fire
  7675 | D        | Killed a tentacled monstrosity
  7675 | D        | Reached skill level 10 in Invocations
  7677 | D        | Killed an orb of fire
  7677 | D        | Gained mutation: You tend to lose your temper in combat.
                  | [an orb of fire]
  7680 | D        | Gained mutation: You are dopey. (Int -2) [an orb of fire]
  7687 | D        | Killed an orb of fire
  7687 | D        | Received a gift from Okawaru
  7876 | D        | Noticed an electric golem
  7876 | D        | Noticed a tentacled monstrosity
  7877 | D        | Noticed a tentacled monstrosity
  7879 | D        | Killed a tentacled monstrosity
  7879 | D        | Received a gift from Okawaru
  7879 | D        | Killed a tentacled monstrosity
  7881 | D        | Killed an electric golem
  7881 | D        | Reached skill level 15 in Invocations
  8013 | D        | Noticed a tentacled monstrosity
  8019 | D        | Killed a tentacled monstrosity
  8263 | D        | Noticed an Orb Guardian
  8263 | D        | Noticed an Orb Guardian
  8263 | D        | Noticed an Orb Guardian
  8263 | D        | Noticed an Orb Guardian
  8263 | D        | Noticed an Orb Guardian
  8263 | D        | Noticed an Orb Guardian
  8266 | D        | Killed an Orb Guardian
  8270 | D        | Killed an Orb Guardian
  8270 | D        | Reached skill level 27 in Dodging
  8278 | D        | Killed an Orb Guardian
  8281 | D        | Killed an Orb Guardian
  8281 | D        | Received a gift from Okawaru
  8283 | D        | Killed an Orb Guardian
  8286 | D        | Killed an Orb Guardian
  8303 | D        | Identified a +2 pair of boots of running (Okawaru gifted it
                  | to you in the Dungeon)
  8350 | D        | Noticed an Orb Guardian
  8351 | D        | Noticed an Orb Guardian
  8352 | D        | Noticed an Orb Guardian
  8354 | D        | Killed an Orb Guardian
  8357 | D        | Killed an Orb Guardian
  8357 | D        | Noticed an Orb Guardian
  8364 | D        | Killed an Orb Guardian
  8374 | D        | Killed an Orb Guardian
  8383 | D        | Noticed a tentacled monstrosity
  8383 | D        | Noticed a tentacled monstrosity
  8383 | D        | Noticed an Orb Guardian
  8383 | D        | Noticed an Orb Guardian
  8388 | D        | Killed an Orb Guardian
  8388 | D        | Reached XP level 19. HP: 207/207 MP: 23/32
  8499 | D        | Noticed an ancient lich
  8505 | D        | Killed an ancient lich
  8508 | D        | Noticed an orb of fire
  8509 | D        | Gained mutation: Your body sometimes deteriorates upon
                  | taking damage. [an orb of fire]
  8510 | D        | Killed an orb of fire
  8510 | D        | Received a gift from Okawaru
  8622 | D        | Noticed an electric golem
  8626 | D        | Killed an electric golem
  8626 | D        | Reached skill level 27 in Invocations
  8629 | D        | Noticed an ancient lich
  8629 | D        | Noticed a golden dragon
  8629 | D        | Noticed an orb of fire
  8629 | D        | Noticed an ancient lich
  8631 | D        | Killed an ancient lich
  8631 | D        | Reached skill level 5 in Long Blades
  8631 | D        | Reached skill level 5 in Polearms
  8631 | D        | Reached skill level 5 in Stealth
  8631 | D        | Reached skill level 5 in Evocations
  8632 | D        | Noticed an orb of fire
  8632 | D        | Killed a golden dragon
  8632 | D        | Reached skill level 5 in Unarmed Combat
  8633 | D        | Killed an ancient lich
  8633 | D        | Received a gift from Okawaru
  8636 | D        | Killed an orb of fire
  8636 | D        | Reached skill level 10 in Long Blades
  8636 | D        | Reached skill level 10 in Polearms
  8636 | D        | Reached skill level 5 in Spellcasting
  8636 | D        | Gained mutation: Your magical capacity is low. (-10% MP)
                  | [an orb of fire]
  8637 | D        | Killed an orb of fire
  8637 | D        | Reached skill level 10 in Unarmed Combat
  8646 | D        | Received a gift from Okawaru
  8652 | D        | Reached skill level 10 in Stealth
  8664 | D        | Noticed an orb of fire
  8665 | D        | Reached skill level 10 in Evocations
  8672 | D        | Killed an orb of fire
  8672 | D        | Received a gift from Okawaru
  8672 | D        | Reached XP level 20. HP: 146/216 MP: 23/32
  8739 | D        | Reached skill level 15 in Long Blades
  8739 | D        | Reached skill level 15 in Polearms
  8954 | D        | Reached skill level 15 in Unarmed Combat
  8954 | D        | Reached skill level 10 in Spellcasting
  8966 | D        | Paralysed by a vampire knight for 5 turns
  8991 | D        | Received a gift from Okawaru
  9176 | D        | Reached skill level 15 in Stealth
  9200 | D        | Got an elven rune of Zot
  9249 | D        | Received a gift from Okawaru
  9249 | D        | Reached skill level 15 in Evocations
  9250 | D        | Found the +0 pair of fencer's gloves {Riposte Dex+3}
  9258 | D        | Noticed the Royal Jelly
  9262 | D        | Killed the Royal Jelly
  9262 | D        | Reached XP level 21. HP: 193/224 MP: 24/33
  9298 | D        | Received a gift from Okawaru
  9312 | D        | Got a slimy rune of Zot
  9825 | D        | Received a gift from Okawaru
 10189 | D        | Noticed a greater mummy
 10189 | D        | Noticed a greater mummy
 10189 | D        | Noticed a greater mummy
 10546 | D        | Killed a greater mummy
 10718 | D        | Killed a greater mummy
 10890 | D        | Killed a greater mummy
 10922 | D        | Noticed a greater mummy
 10929 | D        | Killed a greater mummy
 10929 | D        | Received a gift from Okawaru
 11099 | D        | Noticed a greater mummy
 11108 | D        | Killed a greater mummy
 11108 | D        | Reached skill level 15 in Spellcasting
 11128 | D        | Got a golden rune of Zot
 11155 | D        | Got an abyssal rune of Zot
 11283 | D        | Noticed Geryon
 11297 | D        | Killed Geryon
 11309 | D        | Identified the +4 staff of Dispater
 11309 | D        | Noticed Dispater
 11309 | D        | Noticed Gloorx Vloq
 11309 | D        | Noticed Lom Lobon
 11325 | D        | HP: 7/222 [Executioner[Gloorx Vloq] (6)]
 11339 | D        | HP: 10/223 [??? (6)]
 11344 | D        | HP: 10/224 [poisoned by Gloorx Vloq (dark miasma)]
 11353 | D        | HP: 10/222 [??? (6)]
 11355 | D        | Killed Gloorx Vloq
 11361 | D        | HP: 8/222 [poisoned by Gloorx Vloq (dark miasma)]
 12030 | D        | Got the Orb of Zot
 12032 | D        | Upgraded the game from 0.26-a0-712-ga5a9c9c9d0 to
                  | 0.26-a0-720-g2a1d101370
 12180 | D        | Noticed Otou the pandemonium lord
 12200 | D        | Killed Otou the pandemonium lord
 12200 | D        | Received a gift from Okawaru
 12200 | D        | Received a gift from Okawaru
 12200 | D        | Reached XP level 22. HP: 231/231 MP: 27/36
 12205 | D        | Got a scorched demon whip {god gift}
 12209 | D        | Identified the +8 demon whip "Anudgh Ajucu" {venom, Dex+3}
                  | (Okawaru gifted it to you in the Dungeon)
 12846 | D        | Got a brightly glowing plate armour {god gift}
 12857 | D        | Identified the +10 plate armour of Inevitability {Rampage
                  | rPois Int+2} (Okawaru gifted it to you in the Dungeon)
 12905 | D        | Noticed Weeshrueb the pandemonium lord
 12914 | D        | Killed Weeshrueb the pandemonium lord
 12914 | D        | Reached skill level 27 in Polearms
 13085 | D        | Received a gift from Okawaru
 13096 | D        | Got a crystal eveningstar {god gift}
 13097 | D        | Identified the +9 eveningstar "Amiod" {holy, MP+9 Int+4}
                  | (Okawaru gifted it to you in the Dungeon)
 13411 | D        | Noticed Nukiq the pandemonium lord
 13417 | D        | Killed Nukiq the pandemonium lord
 13878 | D        | Escaped with the Orb!

Illustrated notes

Levels and vault maps discovered:
D:        linesprint [early_d, line_temple, items_1, d_10, items_2, lair_1,
          lair_end, items_3, orc_1, orc_end, items_4, d_15, swamp_1, shoals_1,
          snake_1, spider_1, d_20, vaults_1, items_5, swamp_end, shoals_end,
          snake_end, spider_end, vaults_end, d_27, items_6, zot_1, zot_end,
          crypt_end, forest_end, elf_end, slime_end, tomb_end, abyss_end,
          pan_hell_end]

Skill      XL: |  1  2  3  4  5  6  7  8  9 10 11 12 13 14 15 16 17 18 19 20 21 22 |
---------------+-------------------------------------------------------------------+-----
Fighting       | 4 6 7 8 10 11 13 14 17 19 21 24 27 | 27.0
Armour         | 4 6 8 9 11 12 13 14 15 17 18 20 26 27 | 27.0
Shields        | 4 6 7 9 10 12 13 15 18 21 23 25 27 | 27.0
Maces & Flails | 4 5 7 10 12 15 17 19 20 22 24 27 | 27.0
Dodging        | 1 2 3 4 5 6 8 14 18 27 | 27.0
Evocations     | 1 2 3 10 16 21 23 | 23.1
Stealth        | 1 3 11 16 22 26 | 26.6
Throwing       | 1 4 8 18 27 | 27.0
Invocations    | 4 9 21 27 | 27.0
Long Blades    | 13 20 24 | 24.1
Polearms       | 13 20 24 27 | 27.0
Unarmed Combat | 12 19 22 | 22.5
Spellcasting   | 7 12 15 | 15.3

Action                   |  1- 3 |  4- 6 |  7- 9 | 10-12 | 13-15 | 16-18 | 19-21 | 22-24 || total
-------------------------+-------+-------+-------+-------+-------+-------+-------+-------++-------
Melee: Flail             |    12 |     8 |       |       |       |       |       |       ||    20
       Headbutt          |     3 |     5 |    12 |    90 |   185 |   139 |    91 |    42 ||   567
       Morningstar       |       |    11 |    77 |   419 |   611 |   486 |   248 |     2 ||  1854
       Trishula          |       |       |       |       |       |       |       |    80 ||    80
       Eveningstar       |       |       |       |       |       |       |       |    41 ||    41
Throw: Javelin           |       |       |       |       |    25 |    64 |   101 |       ||   190
       Throwing net      |       |       |       |       |     2 |       |       |       ||     2
       Dart              |       |       |       |       |       |       |     3 |       ||     3
Invok: Heroism           |       |       |       |       |       |     2 |       |       ||     2
Evoke: Wand              |       |     1 |     2 |     5 |     2 |       |       |       ||    10
       Horn of Geryon    |       |       |       |       |       |       |     1 |       ||     1
  Use: Potion            |     1 |       |     1 |     1 |     3 |     5 |     9 |       ||    20
       Scroll            |       |       |       |     1 |     1 |     8 |    12 |       ||    22
 Stab: Confused          |       |       |       |       |     1 |       |       |       ||     1
       Distracted        |       |       |       |       |       |       |     1 |       ||     1
       Paralysed         |       |       |       |       |       |       |       |     2 ||     2
Armor: Scale mail        |     3 |     2 |       |       |       |       |       |       ||     5
       Plate armour      |       |    14 |    37 |    73 |   205 |   115 |       |     8 ||   452
       Gold dragon scale |       |       |       |       |       |     1 |    64 |     2 ||    67
Dodge: Dodged            |     2 |     2 |    16 |    32 |   133 |   104 |    60 |    14 ||   363
Block: Kite shield       |     3 |     8 |    40 |    40 |   405 |   288 |       |       ||   784
       Tower shield      |       |       |       |   245 |       |    19 |   307 |    76 ||   647
       Reflection        |       |       |       |       |       |     1 |     5 |       ||     6
       Rpst.: Morningstar |       |       |       |       |       |       |     5 |       ||     5
       Eveningstar       |       |       |       |       |       |       |       |     1 ||     1
       Trishula          |       |       |       |       |       |       |       |     1 ||     1

Table legend: (Time is in decaauts) A = Elapsed time spent in this place. B = Non-inter-level travel time spent in this place. C = Inter-level travel time spent in this place. D = Time resting spent in this place. E = Time spent auto-exploring this place. F = Levels seen in this place. G = Mean time per level. A B C D E F G +--------+--------+--------+--------+--------+-----+--------+ Total | 13088 | 12776 | 312 | 5721 | 622 | 1 | 13088.0 | Dungeon | 13088 | 12776 | 312 | 5721 | 622 | 1 | 13088.0 | +--------+--------+--------+--------+--------+-----+--------+

Top non-repeatable levels by time:
       D: 13088 daAuts
